 Dungeon Crawl Stone Soup version 0.29.1-15-g9cfb28693d (webtiles) character file.

Game seed: 9210690146871005822

76 Descartes the Caller (level 4, 0/24 HPs)
             Began as a Deep Elf Wanderer on Mar 10, 2023.
             Slain by a kobold
             ... wielding a +2 short sword of venom
              (4 damage)
             ... on level 3 of the Dungeon.
             The game lasted 00:06:29 (2567 turns).

Descartes the Caller (Deep Elf Wanderer)            Turns: 2567, Time: 00:06:29

Health: 0/24       AC:  7    Str:  7    XL:     4   Next: 12%
Magic:  7/10       EV: 12    Int: 21    God:
Gold:   139        SH:  0    Dex: 14    Spells: 4/8 levels left

rFire   . . .      SeeInvis .   n - +1 whip (freeze)
rCold   . . .      Faith    .   (no shield)
rNeg    . . .      Spirit   .   c - +0 robe
rPois   .          Reflect  .   (no helmet)
rElec   .          Harm     .   j - +0 cloak
rCorr   .          Rampage  .   (no gloves)
Will    .....                   (no boots)
Stlth   +.........              (no amulet)
HPRegen 0.08/turn               e - +4 ring of protection
MPRegen 0.12/turn               (no ring)

@: lethally poisoned (0 -> -7)
A: no striking features
a: no special abilities


You were on level 3 of the Dungeon.
You visited 1 branch of the dungeon, and saw 3 of its levels.

You collected 139 gold pieces.

Inventory:

Hand Weapons
 a - a +0 dagger
 n - a +1 whip of freezing (weapon)
Missiles
 s - 6 poisoned darts
Armour
 c - a +0 robe (worn)
 j - a +0 cloak (worn)
Jewellery
 e - a +4 ring of protection (left hand)
 r - an amulet of regeneration
 u - a ring of ice
Wands
 d - a wand of polymorph (4) (quivered)
Scrolls
 g - a scroll of enchant armour {unknown}
 i - 2 scrolls of identify {unknown}
 k - a scroll of enchant weapon {unknown}
 l - 3 scrolls of teleportation {unknown}
 q - a scroll of fear {unknown}
Potions
 b - a potion of lignification
 f - a potion of mutation {unknown}
 h - a potion of heal wounds {unknown}
 m - a potion of might {unknown}
 o - a potion of degeneration {unknown}
 p - a potion of brilliance {unknown}
 t - a potion of haste {unknown}


   Skills:
 + Level 1.9 Dodging
 + Level 2.9 Spellcasting
 + Level 0.2 Conjurations
 + Level 5.9 Summonings
 - Level 1.2 Necromancy
 + Level 0.1 Earth Magic
 + Level 4.0 Evocations


You had 4 spell levels left.
You knew the following spells:

 Your Spells              Type           Power      Damage    Failure   Level
a - Summon Small Mammal   Summ           100%       N/A       1%          1
b - Call Imp              Summ           27%        N/A       1%          2
c - Sandblast             Erth           6%         2d5       12%         1

Your spell library contained the following spells:

 Spells                   Type           Power      Damage    Failure   Level
 Necrotise                Necr           32%        1d5       9%          1
 Passwall                 Tmut/Erth      2%         N/A       21%         2
 Vampiric Draining        Necr           8%         2d6       24%         3
 Stone Arrow              Conj/Erth      6%         3d7       36%         3
 Summon Ice Beast         Ice/Summ       15%        N/A       36%         4
 Portal Projectile        Hex/Tloc       6%         N/A       38%         3
 Tukima's Dance           Hex            3%         N/A       38%         3
 Blade Hands              Tmut           1%         N/A       98%         5


Dungeon Overview and Level Annotations

Branches:
Dungeon (3/15)

Altars:
Ru

Shops:
D:2 *!(:


Message History

You now have 139 gold pieces (gained 12).
Your quokka disappears in a puff of smoke!
Your bat disappears in a puff of smoke!
A kobold comes into view.
It is wielding a +2 short sword of venom.
A kobold is nearby!
Casting: Summon Small Mammal (safe; 1% risk of failure)
Confirm with . or Enter, or press ? or * to list all spells.
The kobold shouts!
Casting: Summon Small Mammal (safe; 1% risk of failure)
Confirm with . or Enter, or press ? or * to list all spells.
A beastly little devil appears in a puff of flame.
Casting: Call Imp (safe; 1% risk of failure)
Confirm with . or Enter, or press ? or * to list all spells.
Your crimson imp misses the kobold.
The kobold hits you but does no damage.
You are poisoned.
You feel very sick.
Your quokka barely misses the kobold.
Your crimson imp blinks!
The kobold hits you but does no damage.
You are more poisoned.
You feel very sick.
Your quokka barely misses the kobold.
Your quokka closely misses the kobold.
Your quokka bites the kobold.
The kobold attacks as you move away! The kobold hits you but does no damage.
You are lethally poisoned!
You feel very sick. The kobold attacks as you move away!
The kobold barely misses you.
You feel very sick.
Your quokka bites the kobold but does no damage.
The kobold hits your quokka with a +2 short sword of venom.
Your quokka dies!
Your quokka's corpse disappears in a puff of smoke!
The kobold shouts!
* * * LOW HITPOINT WARNING * * *
You feel sick.
Your quokka closely misses the kobold.
Your quokka barely misses the kobold.
* * * LOW HITPOINT WARNING * * *
You feel very sick.
The kobold hits you with a +2 short sword of venom.
You die...

.##....≈≈.≈≈....#
.##...........#.#
.##...####.####.#
....... #.####.##
.....5...#
........5#
##.#####r# # #K#
#@# #.# ..# ####


You could see a kobold (ally target), a friendly crimson imp (summoned) and a
friendly quokka (summoned).

Vanquished Creatures
  A quokka (D:1)
1 creature vanquished.

Vanquished Creatures (collateral kills)
  2 adders (D:2)
  A worm (D:2)
  6 ball pythons
  6 endoplasms
  5 giant cockroaches
  4 goblins (D:2)
  3 hobgoblins
  2 jackals (D:2)
  5 bats
  5 frilled lizards
  7 kobolds (D:2)
  4 rats
50 creatures vanquished.

Grand Total: 51 creatures vanquished

Notes
Turn   | Place    | Note
-------+----------+-------------------------------------------
     0 | D:1      | Descartes the Deep Elf Wanderer began the quest for the
                  | Orb.
     0 | D:1      | Descartes set off with the following items: a +0 dagger, a
                  | potion of lignification, a +0 robe, a wand of polymorph
                  | (4); and the following spells available to memorise: Summon
                  | Small Mammal, Call Imp, Necrotise, Vampiric Draining,
                  | Summon Ice Beast.
     0 | D:1      | Reached XP level 1. HP: 10/10 MP: 5/5
     7 | D:1      | Learned a level 1 spell: Summon Small Mammal
   400 | D:1      | Reached XP level 2. HP: 15/15 MP: 2/7
   468 | D:1      | Learned a level 2 spell: Call Imp
   615 | D:1      | Reached skill level 1 in Dodging
   997 | D:2      | Reached XP level 3. HP: 8/19 MP: 4/8
  1341 | D:2      | Found Mitaeb's Weapon Emporium.
  1608 | D:2      | Found Ziomonu's Book Boutique.
  1617 | D:2      | Learned a level 1 spell: Sandblast
  1629 | D:2      | Found a faded altar of an unknown god.
  1746 | D:2      | Found Sephinye's Distillery.
  2046 | D:2      | Reached XP level 4. HP: 24/24 MP: 5/10
  2271 | D:2      | Found Zajovearr's General Store.
  2518 | D:3      | Found a sacrificial altar of Ru.
  2567 | D:3      | Slain by a kobold

Illustrated notes

Levels and vault maps discovered:
D:1:      minmay_arrival_five_plusses, layout_rooms, minmay_pentomino_t2
D:2:      layout_basic, nicolae_ecumenical_oubliette, serial_shops,
          nicolae_shop_hallway_stairs, nicolae_shop_stone, shop,
          nicolae_shop_waterfront
D:3:      layout_loops_ring, mainiacjoe_overflow_small_starburst,
          nicolae_overflow_hidden_temple, minmay_goblin_kobold_house,
          uniq_terence

Skill      XL: |  1  2  3  4 |
---------------+-------------+-----
Spellcasting   | 2 |  2.9
Dodging        | 1 |  1.9
Evocations     | 4 |  4.0
Conjurations   | |  0.2
Summonings     | |  5.9
Necromancy     | |  1.2
Earth Magic    | |  0.1

Action                   |  1- 3 |  4- 6 || total
-------------------------+-------+-------++-------
Melee: Dagger            |    11 |       ||    11
 Cast: Summon Small Mamm |    69 |    11 ||    80
       Call Imp          |    18 |     4 ||    22
Armor: Robe              |    28 |     5 ||    33
Dodge: Dodged            |    38 |     8 ||    46
